 Dungeon Crawl Stone Soup version 0.30-a0-439-g9e77e4d916 (webtiles) character file.

Game seed: 1382726409661782488

5291 Jackthecabe the Destroyer (level 10, -1/78 HPs)
             Began as a Demigod Conjurer on Dec 10, 2022.
             Slain by a yak (14 damage)
             ... on level 8 of the Dungeon.
             The game lasted 00:34:45 (11857 turns).

Jackthecabe the Destroyer (Demigod Conjurer)       Turns: 11857, Time: 00:34:46

Health: -1/78      AC:  6    Str:  8    XL:     10   Next: 15%
Magic:  1/19       EV: 12    Int: 32    God:
Gold:   470        SH:  5    Dex: 12    Spells: 2/17 levels left

rFire   + . .      SeeInvis +    G - +0 whip (elec)
rCold   x . .      Faith    .    (no shield)
rNeg    . . .      Spirit   .    q - +2 robe {Archmagi}
rPois   .          Reflect  +    (no helmet)
rElec   .          Harm     .    (no cloak)
rCorr   .          Rampage  .    k - +1 pair of gloves {Stlth+}
Will    +....      Archmagi +    (no boots)
Stlth   +++.......               R - amulet of reflection
HPRegen 0.33/turn                F - ring of fire
MPRegen 0.16/turn                v - ring of see invisible

@: very slightly contaminated
A: high MP 1, forlorn, divine attributes
a: no special abilities


You were on level 8 of the Dungeon.
You visited 1 branch of the dungeon, and saw 8 of its levels.
You also visited: Ossuary.

You collected 470 gold pieces.


Innate Abilities, Weirdness & Mutations

You have an increased reservoir of magic. (+10% MP)
You shall have no god before yourself.
Your divine heritage dramatically boosts your attributes as you level up.


   Skills:
 - Level 4.0 Fighting
 - Level 3.0 Armour
 - Level 3.0 Dodging
 - Level 1.7 Stealth
 - Level 4.0 Spellcasting
 - Level 8.0 Conjurations
 - Level 6.0 Hexes
 + Level 7.6 Transmutations
 - Level 2.0 Evocations


You had 2 spell levels left.
You knew the following spells:

 Your Spells              Type           Power      Damage    Failure   Level
d - Dazzling Flash        Conj/Hex       100%       N/A       1%          3
f - Fulminant Prism       Conj/Hex       33%        3d16      3%          4
i - Irradiate             Conj/Tmut      35%        3d23      6%          5
m - Magic Dart            Conj           100%       1d8       1%          1
s - Searing Ray           Conj           100%       2d8       1%          2

Your spell library contained the following spells:

 Spells                   Type           Power      Damage    Failure   Level
 Cigotuvi's Dreadful Rot  Necr/Pois/Air  18%        N/A       9%          2
 Poisonous Vapours        Pois/Air       18%        N/A       9%          2
 Sublimation of Blood     Necr           9%         N/A       9%          2
 Mephitic Cloud           Conj/Pois/Air  35%        N/A       6%          3
 Iskenderun's Mystic Bla  Conj/Tloc      48%        2d11      11%         4
 Petrify                  Tmut/Erth      46%        N/A       12%         4
 Lightning Bolt           Conj/Air       24%        1d39      30%         5
 Airstrike                Air            4%         2d(1-17)  50%         4
 Summon Lightning Spire   Summ/Air       9%         N/A       50%         4

Inventory:

Hand Weapons
 G - a +0 whip of electrocution (weapon)
   (You took it off Pikel on level 4 of the Dungeon)
Missiles
 j - 17 poisoned darts
 u - a throwing net {=f!f}
Armour
 k - a +1 pair of gloves of stealth (worn)
   (You found it on level 1 of the Dungeon)
 q - a +2 robe of the Archmagi (worn)
   (You took it off Jessica on level 2 of the Dungeon)
 H - a +0 buckler
   (You found it on level 6 of the Dungeon)
 K - a scarf of harm
   (You found it on level 6 of the Dungeon)
 M - +0 steam dragon scales
   (You took it off Maggie on level 7 of the Dungeon)
Jewellery
 v - a ring of see invisible (right hand)
   (You found it on level 4 of the Dungeon)
 A - an amulet of the acrobat
   (You found it on level 6 of the Dungeon)
 C - a ring of protection from cold
   (You found it on level 2 of the Dungeon)
 E - a +4 ring of evasion
   (You found it on level 8 of the Dungeon)
 F - a ring of fire (left hand)
   (You found it on level 5 of the Dungeon)
 R - an amulet of reflection (around neck)
   (You found it on level 5 of the Dungeon)
 S - a +6 ring of strength
   (You found it on level 5 of the Dungeon)
Wands
 L - a wand of light (7)
   (You took it off Maggie on level 7 of the Dungeon)
 P - a wand of digging (4)
   (You found it on level 8 of the Dungeon)
 Q - a wand of iceblast (10)
   (You found it on level 8 of the Dungeon)
Scrolls
 a - 2 scrolls of poison {unknown}
 d - 2 scrolls of brand weapon {unknown}
 f - a scroll of immolation {unknown}
 h - 2 scrolls of amnesia {unknown}
 l - 2 scrolls of enchant armour {unknown}
 n - 7 scrolls of teleportation {@r4}
 p - 8 scrolls of identify {unknown}
 r - a scroll of fear {unknown}
 s - 2 scrolls of butterflies {unknown}
 w - 2 scrolls of vulnerability {unknown}
 y - 3 scrolls of magic mapping {unknown}
 z - a scroll of torment {unknown}
 D - 2 scrolls of noise {unknown}
 I - a scroll of silence {unknown}
 J - a scroll of blinking {unknown}
 O - 2 scrolls of summoning {unknown}
Potions
 b - 2 potions of magic
 c - 7 potions of curing {@q1}
 e - 3 potions of heal wounds {unknown}
 g - a potion of brilliance {unknown}
 i - a potion of might {unknown}
 m - 2 potions of invisibility {unknown}
 o - 2 potions of degeneration {unknown}
 t - 2 potions of flight {unknown}
 x - 2 potions of attraction {unknown}
 B - 2 potions of haste {unknown}
 N - a potion of resistance {unknown}

Dungeon Overview and Level Annotations

Branches:
Dungeon (8/15) Zot: 25436  Temple (0/1) D:4         Ossuary (visited)
   Lair: D:8-11

Shops:
D:8 *

Annotations:
D:8 exclusion: centaur warrior, indyram44's ghost, novice DsFi

....### ##.......#...§§####
..#...#####........#.^≈^.§§§§## #
..###....#.......†.(###^.≈#§§≈###
#.# ###..............##..≈#^..##.
..# ###...........^^#...#≈^.#.#
#.## #...........≈....(^.≈..##
#..# ##.............._......#
##.# #...........≈^..^^≈≈^## #.#
##.....Y@..§#§#...#^#≈# #.#
#......YY...§§#...#.#^# #.#
#..........§###...#.≈.. ##.#
##...........≈^^.^..§#... #..#
##†...............####). ..##
#...†#.<......... . .##
#.#####..#....... . ## #
........... . .......... .


You could see 3 yaks.


Message History

You block the yak's attack. 😎 MP[-1]
You lost 1 mp, and now have 16/19 mp.
You feel a surge of power!
The magic dart hits the yak.
A yak comes into view.
The yak gores you! 😕 HP[-11] MP[-1]
You take 11 damage, and now have 67/78 hp.
You lost 1 mp, and now have 15/19 mp.
Unknown command.
Casting: Magic Dart (safe; 1% risk of failure)
Confirm with . or Enter, or press ? or * to list all spells.
Aiming: Searing Ray (safe; 1% risk of failure)
Press: ? - help, Shift-Dir - straight line, f - yak, p - yak
Aim: a yak (90% to hit)
You feel a surge of power!
The searing ray hits the yak!
The searing ray misses the yak. (Press . to maintain the ray.)
A yak comes into view.
The yak misses you. 😕 MP[-2]
You lost 2 mp, and now have 13/19 mp.
Unknown command.
The searing ray hits the yak.
The searing ray hits the yak! x2
The yak barely misses you.
The searing ray hits the yak!
You kill the yak!
The searing ray hits the yak.
A yak comes into view. 😕 HP[+1] MP[-1]
You lost 1 mp, and now have 12/19 mp.
The searing ray hits the yak.
You finish channelling your searing ray.
A yak comes into view. 😕 MP[-1]
You lost 1 mp, and now have 11/19 mp.
The yak bellows!
The yak barely misses you.
Casting: Searing Ray (safe; 1% risk of failure)
Confirm with . or Enter, or press ? or * to list all spells.
You feel a surge of power!
You erupt in a fountain of uncontrolled magic!
The yak is blasted with magical radiation!!!
You kill the yak!
The yak is blasted with magical radiation!!
You kill the yak!
You are very lightly contaminated with residual magic. 😕 HP[+1] MP[-5]
You lost 5 mp, and now have 6/19 mp.
Unknown command.
Casting: Irradiate (dangerous; 6% risk of failure)
Confirm with . or Enter, or press ? or * to list all spells.
Aiming: Searing Ray (safe; 1% risk of failure)
Press: ? - help, Shift-Dir - straight line, f - yak
Aim: a yak (90% to hit)
You feel a surge of power!
The searing ray misses the yak. (Press . to maintain the ray.)
The orc shouts! 😕 MP[-2]
You lost 2 mp, and now have 4/19 mp.
The searing ray hits the yak but does no damage.
A yak comes into view.
The searing ray hits the yak!
The yak gores you! 😕 HP[-9] MP[-1]
You take 9 damage, and now have 60/78 hp.
You lost 1 mp, and now have 3/19 mp.
The yak bellows! x2
You hit the yak but do no damage. You block the yak's attack.
The yak gores you! x2
* * * LOW HITPOINT WARNING * * *
😨 HP[-23]
You take 23 damage, and now have 37/78 hp.
MASSIVE DAMAGE!! (PAUSE)
Casting: Searing Ray (safe; 1% risk of failure)
Confirm with . or Enter, or press ? or * to list all spells.
You don't have enough magic to cast this spell.
The yak attacks as you move away! You block the yak's attack.
The yak snorts and paws the ground.
Indyram44's ghost says, "I am made of steel!"
The yak attacks as you move away! The yak gores you!
* * * LOW HITPOINT WARNING * * *
😨 HP[-8]
You take 8 damage, and now have 29/78 hp.
Unknown command.
The yak attacks as you move away! The yak gores you!
* * * LOW HITPOINT WARNING * * *
😱 HP[-15]
You take 15 damage, and now have 14/78 hp.
Unknown command.
You feel better. The yak gores you!
* * * LOW HITPOINT WARNING * * *
😱 HP[-2] MP[+1]
You take 2 damage, and now have 12/78 hp. 😱 HP[+1]
Casting: Searing Ray (safe; 1% risk of failure)
Confirm with . or Enter, or press ? or * to list all spells.
Casting: Dazzling Flash (safe; 1% risk of failure)
Press: ? - help, Dir - look around, f - activate You feel a surge of power!
The yak is dazzled. x2; The yak gores you!
You die...

Skill      XL: |  1  2  3  4  5  6  7  8  9 10 |
---------------+-------------------------------+-----
Spellcasting   | 2 3 4 |  4.0
Conjurations   | 4 5 8 |  8.0
Hexes          | 1 4 6 |  6.0
Transmutations | 5 6 7 |  7.6
Fighting       | 4 |  4.0
Dodging        | 3 |  3.0
Armour         | 3 |  3.0
Evocations     | 2 |  2.0
Stealth        | |  1.7

Action                   |  1- 3 |  4- 6 |  7- 9 | 10-12 || total
-------------------------+-------+-------+-------+-------++-------
Melee: Unarmed           |     2 |     5 |       |       ||     7
       Whip              |       |       |    18 |     7 ||    25
 Cast: Magic Dart        |    93 |    88 |   250 |    13 ||   444
       Searing Ray       |     4 |     7 |    54 |     3 ||    68
       Fulminant Prism   |       |       |    21 |       ||    21
       Irradiate         |       |       |     4 |     3 ||     7
       Dazzling Flash    |       |       |     3 |     1 ||     4
  Use: Scroll            |       |       |     3 |       ||     3
       Potion            |       |       |       |     1 ||     1
Armor: Robe              |     5 |     7 |    48 |     2 ||    62
Dodge: Dodged            |     5 |    15 |   104 |    10 ||   134
Block: Other             |       |       |    27 |    10 ||    37
       Reflection        |       |       |     3 |     1 ||     4

Levels and vault maps discovered:
D:1:      wander_arrival_chamber, layout_rooms, serial_bayou,
          serial_bayou_pond_a, serial_bayou_pond_e, serial_bayou_pond_b,
          serial_bayou_pond_e
D:2:      minmay_angry_zag, layout_loops_corners, minmay_pentomino_pile,
          uniq_jessica
D:3:      layout_basic
D:4:      layout_basic, mainiacjoe_overflow_alcove_4,
          minmay_temple_entry_water_ring, minmay_quadrilaterals, uniq_menkaure,
          uniq_natasha, uniq_pikel
D:5:      layout_loops_ring
D:6:      nicolae_cairo_tiling, layout_cave_pools,
          mainiacjoe_overflow_surrounded_room, okawaru_altar_gauntlet_db,
          makhleb_blood_cavern_becter, gup_ossuary_entry_pyramid
D:7:      layout_basic, ashenzari_altar_1, kennysheep_mini,
          kennysheep_slug_shrine, mainiacjoe_overflow_tiny_flanked,
          nicolae_overflow_hidden_temple, kennysheep_little_box,
          lightli_orcish_oven, uniq_maggie, uniq_joseph
D:8:      layout_layer_cave, zin_purify, grunt_qazlal_sundering,
          elyvilon_altar_5, dpeg_lair_monsters, gammafunk_ghost_split

Notes
Turn   | Place    | Note
-------+----------+-------------------------------------------
     0 | D:1      | Jackthecabe the Demigod Conjurer began the quest for the
                  | Orb.
     0 | D:1      | Reached XP level 1. HP: 14/14 MP: 5/5
     0 | D:1      | magus.rc [v1.11.4]
   137 | D:1      | Reached skill level 2 in Spellcasting
   292 | D:1      | Reached skill level 4 in Conjurations
   292 | D:1      | Reached XP level 2. HP: 20/20 MP: 2/7
   295 | D:1      | Learned a level 2 spell: Searing Ray
  1010 | D:2      | Reached XP level 3. HP: 26/26 MP: 6/8
  1678 | D:2      | Reached skill level 5 in Conjurations
  2011 | D:2      | Identified a +2 robe of the Archmagi
  2011 | D:2      | Noticed Jessica
  2015 | D:2      | Killed Jessica
  2016 | D:2      | Reached XP level 4. HP: 33/33 MP: 3/9
  2879 | D:3      | Reached XP level 5. HP: 38/38 MP: 2/10
  3046 | D:3      | Reached skill level 6 in Conjurations
  3767 | D:4      | Noticed Pikel
  3812 | D:4      | Learned a level 3 spell: Dazzling Flash
  4071 | D:4      | Killed Pikel
  4072 | D:4      | Reached skill level 8 in Conjurations
  4072 | D:4      | Reached skill level 1 in Hexes
  4072 | D:4      | Reached XP level 6. HP: 39/45 MP: 1/12
  4072 | D:4      | Reached XP level 7. HP: 43/50 MP: 1/13
  4224 | D:4      | Found a staircase to the Ecumenical Temple.
  4461 | D:4      | You pick up a book of Alchemy and begin reading...
  4461 | D:4      | You add the spells Sublimation of Blood, Petrify and
                  | Irradiate to your library.
  4640 | D:4      | Noticed Natasha
  4645 | D:4      | Killed Natasha
  4783 | D:4      | Noticed Menkaure
  4787 | D:4      | Killed Menkaure
  4788 | D:4      | Reached skill level 3 in Spellcasting
  4788 | D:4      | Reached skill level 2 in Hexes
  5041 | D:4      | Noticed Natasha
  5047 | D:4      | Killed Natasha
  5138 | D:5      | Entered Level 5 of the Dungeon
  5178 | D:4      | Noticed Natasha
  5181 | D:4      | Killed Natasha
  5182 | D:4      | Reached skill level 3 in Hexes
  5458 | D:5      | You pick up a book of Vapours and begin reading...
  5458 | D:5      | You add the spells Poisonous Vapours, Cigotuvi's Dreadful
                  | Rot and Mephitic Cloud to your library.
  5464 | D:5      | Learned a level 4 spell: Fulminant Prism
  5758 | D:5      | Reached skill level 4 in Hexes
  6139 | D:5      | Reached XP level 8. HP: 57/57 MP: 7/15
  6422 | D:6      | Reached skill level 5 in Hexes
  6560 | D:6      | You pick up a book of Storms and begin reading...
  6560 | D:6      | You add the spells Airstrike, Summon Lightning Spire and
                  | Lightning Bolt to your library.
  6600 | D:6      | Found a sand-covered staircase.
  6611 | Ossuary  | Entered an ossuary
  6708 | Ossuary  | Reached skill level 6 in Hexes
  7772 | Ossuary  | Reached skill level 4 in Spellcasting
  7778 | Ossuary  | Learned a level 5 spell: Irradiate
  7834 | Ossuary  | Reached skill level 1 in Transmutations
  7940 | Ossuary  | Reached skill level 2 in Transmutations
  8154 | D:6      | Reached skill level 3 in Transmutations
  8799 | D:7      | Reached skill level 4 in Transmutations
  9027 | D:7      | Noticed Maggie
  9027 | D:7      | Noticed a kobold demonologist
  9042 | D:7      | Killed a kobold demonologist
  9043 | D:7      | Reached skill level 5 in Transmutations
  9043 | D:7      | Reached XP level 9. HP: 37/62 MP: 9/18
  9045 | D:7      | Killed Maggie
  9045 | D:7      | HP: 7/62 [spore (22)]
  9046 | D:7      | Reached skill level 6 in Transmutations
  9046 | D:7      | Reached skill level 1 in Fighting
  9129 | D:7      | Reached skill level 2 in Fighting
  9449 | D:7      | Noticed Joseph
  9458 | D:7      | Killed Joseph
  9459 | D:7      | Reached skill level 4 in Fighting
  9459 | D:7      | Reached skill level 2 in Dodging
  9563 | D:7      | Reached skill level 3 in Dodging
  9573 | D:7      | Reached skill level 1 in Armour
 10392 | D:8      | Noticed a death yak
 10395 | D:8      | Reached skill level 3 in Armour
 10395 | D:8      | Reached skill level 1 in Evocations
 10395 | D:8      | Noticed a death yak
 10398 | D:8      | Noticed a death yak
 10524 | D:7      | HP: 16/71 [death yak (14)]
 10527 | D:7      | HP: 5/71 [death yak (11)]
 11044 | D:8      | Reached skill level 2 in Evocations
 11225 | D:8      | Found Zin's Purification Station.
 11289 | D:8      | Identified +0 gold dragon scales
 11354 | D:8      | Noticed a centaur warrior
 11405 | D:8      | Reached XP level 10. HP: 78/78 MP: 8/19
 11661 | D:8      | Reached skill level 7 in Transmutations
 11846 | D:8      | Noticed indyram44's ghost (novice DsFi)
 11848 | D:8      | Noticed a manticore
 11854 | D:8      | HP: 14/78 [yak (15)]
 11857 | D:8      | Slain by a yak

Vanquished Creatures
  Pikel (D:4)
  Joseph (D:7)
  Maggie (D:7)
  A kobold demonologist (D:7)
  7 yaks (D:8)
  A wyvern (D:8)
  Menkaure (D:4)
  An acid dragon (D:8)
  2 water moccasins (D:8)
  2 sky beasts
  2 black bears
  A centaur (D:6)
  An ogre (D:6)
  2 lemures (D:4)
  An elf zombie (Ossuary)
  A bullfrog (D:7)
  3 kobold brigands
  A gnoll sergeant (D:7)
  A necrophage (D:5)
  A scorpion (D:6)
  4 wights (D:7)
  A howler monkey (D:7)
  3 centaur zombies (Ossuary)
  4 hounds
  A gnoll bouda (D:6)
  3 jellies
  Jessica (D:2)
  Natasha (thrice) (D:4)
  4 iguanas
  An orc wizard (D:6)
  2 ogre zombies (Ossuary)
  8 mummies
  19 gnolls
  7 adders
  A shadow imp (D:7)
  A white imp (D:5)
  4 adder zombies (Ossuary)
  3 worms
  4 dart slugs
  21 orcs
  7 ball pythons
  9 endoplasms
  3 giant cockroaches
  12 hobgoblins
  5 jackals (D:2)
  3 quokkas
  5 bats
  3 frilled lizards
  9 goblins
  A goblin zombie (Ossuary)
  5 hobgoblin zombies (Ossuary)
  17 kobolds
  3 kobold zombies (Ossuary)
  An orc zombie (Ossuary)
  5 quokka zombies (Ossuary)
  7 rats
  5 rat zombies (Ossuary)
227 creatures vanquished.

Vanquished Creatures (others)
  21 fulminant prisms
21 creatures vanquished.

Grand Total: 248 creatures vanquished

Table legend:
 A = Non-vault XP
 B = Vault XP
 C = Vault XP percentage of total XP
 D = Non-vault monster count
 E = Vault monster count
 F = Vault count percentage of total count
                 A         B        C        D         E       F
            +---------+---------+-------+---------+---------+-------
      Total |    4412 |    3147 |  41.6 |     146 |      79 |  35.1
            +---------+---------+-------+---------+---------+-------
        D:1 |      23 |       6 |  20.7 |      13 |       4 |  23.5
        D:2 |      51 |      67 |  56.8 |      21 |      12 |  36.4
        D:3 |     189 |       0 |   0.0 |      24 |       0 |   0.0
        D:4 |     194 |     836 |  81.2 |      14 |       6 |  30.0
        D:5 |     362 |       0 |   0.0 |       8 |       0 |   0.0
        D:6 |     720 |      86 |  10.7 |      21 |       8 |  27.6
        D:7 |    1423 |     864 |  37.8 |      25 |       8 |  24.2
        D:8 |    1450 |     834 |  36.5 |      20 |       4 |  16.7
    Ossuary |       0 |     454 | 100.0 |       0 |      37 | 100.0
            +---------+---------+-------+---------+---------+-------

Illustrated notes

Table legend:
 A = Kills in this place as a percentage of kills in entire the game.
 B = Kills by you in this place as a percentage of kills by you in the entire game.
 C = Kills by friends in this place as a percentage of kills by friends in the entire game.
 D = Other kills in this place as a percentage of other kills in the entire game.
 E = Experience gained in this place as a percentage of experience gained in the entire game.
 F = Experience gained in this place divided by the number of levels of this place that you have seen.
                   A       B       C       D       E      F
               +-------+-------+-------+-------+-------+----------------------
         Total | 100.0 | 100.0 |   N/A |   N/A | 100.0 | 839.9
       Dungeon |  83.6 |  83.6 |   N/A |   N/A |  94.0 | 888.1
       Ossuary |  16.4 |  16.4 |   N/A |   N/A |   6.0 | 454.0
               +-------+-------+-------+-------+-------+----------------------

Table legend: (Time is in decaauts)
 A = Elapsed time spent in this place.
 B = Non-inter-level travel time spent in this place.
 C = Inter-level travel time spent in this place.
 D = Time resting spent in this place.
 E = Time spent auto-exploring this place.
 F = Levels seen in this place.
 G = Mean time per level.
                   A        B        C        D        E       F      G
               +--------+--------+--------+--------+--------+-----+--------+
         Total |  11889 |  11547 |    342 |   1043 |   8933 |   9 | 1321.0 |
       Dungeon |  10444 |  10102 |    342 |   1043 |   7693 |   8 | 1305.5 |
       Ossuary |   1444 |   1444 |      0 |      0 |   1240 |   1 | 1444.0 |
               +--------+--------+--------+--------+--------+-----+--------+

Top non-repeatable levels by time:
     D:7: 1960 daAuts
     D:4: 1645 daAuts
     D:2: 1463 daAuts
 Ossuary: 1444 daAuts
     D:3: 1343 daAuts
     D:6: 1207 daAuts
     D:5: 1036 daAuts
     D:8: 939 daAuts
     D:1: 847 daAuts
